 Dungeon Crawl Stone Soup version 0.27-a0-1548-gf8a67e7463 (webtiles) character file.

Game seed: 10589690848422316818

13311 Majang the Cleaver (level 12, -4/94 HPs)
             Began as a Formicid Fighter on July 10, 2021.
             Was a Priest of Ashenzari.
             Slain by an orc knight (19 damage)
             ... in a bailey on July 14, 2021.
             The game lasted 00:51:40 (11430 turns).

Majang the Cleaver (Formicid Fighter)              Turns: 11430, Time: 00:51:41

Health: -4/94      AC: 19    Str: 25    XL:     12   Next: 31%
Magic:  12/12      EV: 15    Int:  9    God:    Ashenzari [***...]
Gold:   338        SH: 17    Dex: 14    Spells: 11/11 levels left

rFire    + . .     SeeInvis +   x - +1 battleaxe (protect)
rCold    . . .     Faith    .   c - +0 kite shield of Ashenzari's Black Moon {Range, Melee} (curse)
rNeg     . . .     Spirit   .   m - +1 ring mail "Cursed With Me" {rElec rCorr Dex+4 Slay+3, Bglg, Melee} (curse)
rPois    +         Reflect  +   (helmet unavailable)
rElec    +         Harm     .   o - +1 cloak of Ashenzari's Shame {Elem, Melee} (curse)
rCorr    +         Rampage  +   g - +0 pair of gloves "Sibylline Adversity" {Cun, Alch} (curse)
Will     +....     Clarity  +   B - +0 pair of boots {rampage}
Stlth    +.........             f - amulet of Ashenzari's Lethargy {Reflect SH+5, Melee, Cun} (curse)
HPRegen  0.25/turn              A - ring of poison resistance
MPRegen  0.13/turn              G - ring of protection from fire

@: under a protective aura, very slightly contaminated, invisible
A: permanent stasis, dig shafts and tunnels, antennae 3, four strong arms
a: Dig, Renounce Religion, Curse Item, Shatter the Chains


You were in a bailey.
You worshipped Ashenzari.
Ashenzari was most pleased with you.
You visited 2 branches of the dungeon, and saw 12 of its levels.
You also visited: Bailey.

You collected 554 gold pieces.
You spent 216 gold pieces at shops.

Inventory:

Hand Weapons
 x - a +1 battleaxe of protection (weapon)
 C - a +4 trident
Missiles
 l - 25 poisoned darts
 p - 5 boomerangs (quivered)
 r - 14 javelins
 w - a throwing net
 F - 6 curare-tipped darts
Armour
 c - the cursed +0 kite shield of Ashenzari's Black Moon (worn) {Range, Melee}

   It has a curse which improves the following skills: Ranged Combat: Slings,
   Bows, Crossbows and Throwing.
   Melee Combat: Short Blades, Long Blades, Axes, Maces & Flails, Polearms,
   Staves and Unarmed Combat.
 g - the cursed +0 pair of gloves "Sibylline Adversity" (worn) {Cun, Alch}
   (You found it on level 1 of the Dungeon)

   It has a curse which improves the following skills: Cunning: Dodging and
   Stealth.
   Alchemy:   Poison Magic and Transmutations.
 j - a +0 pair of boots
 m - the cursed +1 ring mail "Cursed With Me" (worn) {rElec rCorr Dex+4 Slay+3, Bglg, Melee}
   (You found it on level 5 of the Dungeon)

   Dex:       It affects your dexterity (+4).
   Slay:      It affects your accuracy & damage with ranged weapons and melee
   (+3).
   rElec:     It insulates you from electricity.
   rCorr:     It protects you from acid and corrosion.
   It has a curse which improves the following skills: Beguiling: Conjurations,
   Hexes and Translocations.
   Melee Combat: Short Blades, Long Blades, Axes, Maces & Flails, Polearms,
   Staves and Unarmed Combat.
 o - the cursed +1 cloak of Ashenzari's Shame (worn) {Elem, Melee}
   (You found it on level 5 of the Dungeon)

   It has a curse which improves the following skills: Elements: Fire Magic, Ice
   Magic, Air Magic and Earth Magic.
   Melee Combat: Short Blades, Long Blades, Axes, Maces & Flails, Polearms,
   Staves and Unarmed Combat.
 u - a +0 pair of gloves
 y - a +0 plate armour
 B - a +0 pair of boots of rampaging (worn)
Jewellery
 f - the cursed amulet of Ashenzari's Lethargy (around neck) {Reflect SH+5, Melee, Cun}
   (You found it on level 4 of the Dungeon)

   [amulet of reflection]

   It reflects blocked missile attacks.
   SH:        It affects your SH (+5).
   It has a curse which improves the following skills: Melee Combat: Short
   Blades, Long Blades, Axes, Maces & Flails, Polearms, Staves and Unarmed
   Combat.
   Cunning:   Dodging and Stealth.
 v - a ring of ice
 A - a ring of poison resistance (left hand)
 G - a ring of protection from fire (right hand)
Wands
 t - a wand of flame (13)
 z - a wand of paralysis (17)
 E - a wand of polymorph (8)
Scrolls
 h - 4 scrolls of fog
 k - a scroll of summoning
 n - 2 scrolls of amnesia
Potions
 b - 2 potions of lignification
 d - a potion of magic
 e - a potion of flight
 q - 2 potions of degeneration
 D - 2 potions of resistance
 H - a potion of mutation


   Skills:
 + Level 8.9 Fighting
 * Level 10.7(15.0) Axes
 + Level 6.4(8.3) Throwing
 + Level 7.9 Armour
 + Level 5.8(8.8) Dodging
 + Level 8.7 Shields
 + Level 5.3 Evocations


You had 11 spell levels left.
You didn't know any spells.
Your spell library contained the following spells:

 Spells                   Type           Power      Damage    Failure   Level
 Shock                    Conj/Air       0%         1d3       50%         1
 Corpse Rot               Necr/Air       N/A        N/A       65%         2
 Static Discharge         Conj/Air       0%         N/A       65%         2
 Frozen Ramparts          Ice            0%         1d2       86%         3
 Gell's Gravitas          Tloc           0%         N/A       86%         3
 Lesser Beckoning         Tloc           0%         N/A       86%         3
 Portal Projectile        Hex/Tloc       0%         N/A       86%         3
 Teleport Other           Tloc           0%         N/A       86%         3
 Airstrike                Air            0%         N/A       99%         4
 Dispel Undead            Necr           0%         3d6       99%         4
 Ice Form                 Ice/Tmut       0%         N/A       99%         4
 Summon Ice Beast         Ice/Summ       0%         N/A       99%         4
 Blade Hands              Tmut           0%         N/A       100%        5
 Excruciating Wounds      Necr           0%         N/A       100%        5
 Freezing Cloud           Conj/Ice/Air   0%         6-21      100%        5
 Conjure Ball Lightning   Conj/Air       0%         3x3d6     100%        6
 Death Channel            Necr           0%         N/A       100%        6
 Simulacrum               Ice/Necr       0%         N/A       100%        6
 Storm Form               Tmut/Air       0%         N/A       100%        7
 Polar Vortex             Ice            0%         N/A       100%        9
 Swiftness                Air            Unusable   N/A       N/A         3

Dungeon Overview and Level Annotations

Branches:
Dungeon (11/15)            Temple (1/1) D:4            Lair (0/6) D:9
    Orc (0/2) D:11         Bailey (1/1)

Altars:
Ashenzari
Dithmenos
Elyvilon
Fedhas
Gozag
Hepliaklqana
Kikubaaqudgha
Makhleb
Nemelex Xobeh
Okawaru
Qazlal
Trog
Uskayaw
Vehumet
Wu Jian
Xom
Yredelemnul
Zin
The Shining One
Beogh

Shops:
D:6 *   D:7 *   D:9 =


Innate Abilities, Weirdness & Mutations

You cannot be hasted, slowed, berserked, paralysed or teleported.
You can dig through walls and to a lower floor.
You have a pair of large antennae on your head. (SInv)
Your four strong arms can wield two-handed weapons with a shield.


Message History

You slash the orc knight!
The orc knight is almost dead.
You slash the orc warrior!
The orc no longer looks unusually strong.
The orc knight roars a battlecry!
The orc goes into a battle-frenzy!
The orc warrior hits you with a +0 halberd!!
* * * LOW HITPOINT WARNING * * *
The orc warrior shoots a bolt.
The bolt hits you!
* * * LOW HITPOINT WARNING * * *
You feel much better.
The orc warrior's inner flame fades away.
You block the orc knight's attack.
The orc warrior unwields a +0 arbalest.
The orc warrior wields the +6 trident "Okaruyho" {vorpal, rElec rC+ Dex-4 SInv}.
You block the orc warrior's attack. The orc warrior closely misses you.
The orc warrior shoots a bolt.
You reflect the bolt off an invisible shield around you!
The bolt misses the orc warrior.
You fade into invisibility!
The orc warrior's inner flame fades away.
The orc knight hits you with a +0 glaive.
You block the orc warrior's attack.
The orc warrior hits you with the +6 trident "Okaruyho" {vorpal, rElec rC+ Dex-4 SInv}!
The orc warrior shoots a bolt.
You reflect the bolt off an invisible shield around you!
The bolt misses the orc warrior.
You are very lightly contaminated with residual magic.
You closely miss the orc knight.
The orc knight is almost dead.
You slash the orc warrior!
You kill the orc warrior!
You closely miss the orc warrior. The orc knight misses you.
You block the orc warrior's attack.
The orc warrior shoots a bolt.
The bolt hits you!
* * * LOW HITPOINT WARNING * * *
You closely miss the orc knight.
The orc knight is almost dead.
You closely miss the orc warrior.
The orc knight hits you with a +0 glaive!!
You die...

#### ##))## * **
** #°#∩.# ** * ,,
,##.o.# ,,, , * ,
, #@..# ,≈ ≈, ,
≈≈)≈≈.o)....≈≈o
≈)∩)≈.......≈oo ,
≈≈.≈≈.......≈≈o≈
,
,.≈≈≈..#...#..≈≈≈
, , ,
.....##...##....
* ##### ##∩##
#### * * ##


You could see an orc knight, 4 orc warriors and an orc (strong).

Vanquished Creatures
  Harold (D:7)
  Fannar (D:10)
  A boulder beetle (D:8)
  4 two-headed ogres
  Urug (D:10)
  Pikel (D:4)
  A troll (D:10)
  A hornet (D:10)
  Grinder (D:5)
  Prince Ribbit (D:5)
  A blink frog (shapeshifter) (D:10)
  A wyvern (D:10)
  5 yaks (D:10)
  A vampire mosquito (D:10)
  Menkaure (D:4)
  2 steam dragons
  A water moccasin (D:8)
  10 orc warriors
  2 sky beasts
  2 black bears (D:5)
  A necrophage (D:8)
  An ogre (D:6)
  4 centaurs
  A phantom (D:7)
  Blork the orc (D:6)
  A gnoll sergeant (D:11)
  4 bullfrogs
  2 scorpions
  2 water moccasin zombies (D:6)
  A water moccasin skeleton (D:5)
  4 killer bees (D:11)
  5 wights
  A vampire bat (D:4)
  2 howler monkeys (D:9)
  5 centaur zombies
  5 hounds
  A jelly (D:4)
  A gnoll shaman (D:10)
  7 orc priests
  3 orc wizards
  A centaur skeleton (D:7)
  3 iguanas
  A killer bee zombie (D:7)
  A hound zombie (D:5)
  3 howler monkey zombies
  A howler monkey skeleton (D:4)
  12 adders
  4 gnolls (D:11)
  A shadow imp (D:6)
  A dart slug (D:3)
  3 fire bats (D:4)
  54 orcs
  2 spectral bats (D:4)
  14 bats
  A bat simulacrum (D:4)
  3 bat skeletons (D:4)
  A bat zombie (D:4)
  2 endoplasms
  3 giant cockroaches
  9 goblins
  9 hobgoblins
  5 jackals (D:3)
  2 quokkas
  6 ball pythons
  A frilled lizard (D:3)
  3 kobolds
  3 rats (D:1)
240 creatures vanquished.

Notes
Turn   | Place    | Note
-------+----------+-------------------------------------------
     0 | D:1      | Majang the Formicid Fighter began the quest for the Orb.
     0 | D:1      | Reached XP level 1. HP: 18/18 MP: 1/1
    67 | D:1      | Got the Incunabulum of Freezing Feathers
   217 | D:1      | Reached XP level 2. HP: 20/24 MP: 2/2
   846 | D:2      | Found a faded altar of an unknown god.
   902 | D:2      | Found a radiant altar of Vehumet.
  1057 | D:2      | Reached skill level 3 in Axes
  1057 | D:2      | Reached XP level 3. HP: 29/30 MP: 3/3
  1731 | D:3      | Reached XP level 4. HP: 37/37 MP: 4/4
  1896 | D:3      | Reached skill level 4 in Axes
  1900 | D:3      | Reached XP level 5. HP: 39/42 MP: 5/5
  3027 | D:4      | Reached skill level 5 in Axes
  3027 | D:4      | Reached XP level 6. HP: 49/50 MP: 6/6
  3029 | D:4      | Found a staircase to the Ecumenical Temple.
  3039 | Temple   | Entered the Ecumenical Temple
  3044 | Temple   | Became a worshipper of Ashenzari the Shackled
  3115 | D:4      | Noticed Menkaure
  3122 | D:4      | Killed Menkaure
  3123 | D:4      | Reached skill level 5 in Fighting
  3473 | D:4      | Reached XP level 7. HP: 48/56 MP: 7/7
  3541 | D:4      | Reached skill level 1 in Throwing
  3643 | D:4      | Found a glowing golden altar of the Shining One.
  3738 | D:4      | Reached skill level 1 in Dodging
  3951 | D:4      | Noticed Pikel
  3979 | D:4      | Killed Pikel
  3980 | D:4      | Reached skill level 6 in Axes
  3980 | D:4      | Reached XP level 8. HP: 43/64 MP: 8/8
  4437 | D:5      | Entered Level 5 of the Dungeon
  4593 | D:5      | Reached skill level 5 in Shields
  4870 | D:5      | Reached XP level 9. HP: 64/69 MP: 9/9
  5032 | D:5      | Reached skill level 7 in Axes
  5176 | D:5      | Reached * piety under Ashenzari
  5186 | D:5      | Noticed Prince Ribbit
  5223 | D:5      | Killed Prince Ribbit
  5224 | D:5      | Reached skill level 5 in Armour
  5312 | D:5      | Identified the +1 ring mail of Failure {rElec rCorr Dex+4
                  | Slay+3}
  5499 | D:5      | Noticed Grinder
  5522 | D:5      | Killed Grinder
  6320 | D:6      | Reached ** piety under Ashenzari
  6645 | D:6      | Reached *** piety under Ashenzari
  6692 | D:6      | Found Qethac Nutz's General Store.
  6698 | D:6      | Bought 4 boomerangs for 22 gold pieces
  6698 | D:6      | Bought 2 potions of degeneration for 22 gold pieces
  6698 | D:6      | Bought a scroll of enchant armour for 82 gold pieces
  6793 | D:6      | Noticed Blork the orc
  6800 | D:6      | Killed Blork the orc
  6937 | D:6      | Reached skill level 8 in Axes
  7298 | D:7      | Found a hide-covered altar of Uskayaw.
  7439 | D:7      | Found Tapaatzo's Gadget Gallery.
  7448 | D:7      | Bought a wand of flame (13) for 90 gold pieces
  7737 | D:7      | Reached XP level 10. HP: 68/77 MP: 10/10
  7830 | D:7      | Reached skill level 1 in Evocations
  7833 | D:7      | Noticed Harold
  7852 | D:7      | Killed Harold
  8205 | D:8      | Found a transporter.
  8208 | D:8      | Found a transporter.
  8209 | D:8      | Noticed a boulder beetle
  8222 | D:8      | Noticed a two-headed ogre
  8236 | D:8      | Killed a two-headed ogre
  8277 | D:8      | Noticed a two-headed ogre
  8285 | D:8      | Killed a two-headed ogre
  8286 | D:8      | Reached skill level 9 in Axes
  8286 | D:8      | Reached skill level 5 in Throwing
  8562 | D:8      | Found a basalt altar of Yredelemnul.
  8567 | D:8      | Found a white marble altar of Elyvilon.
  8643 | D:8      | Found a stormy altar of Qazlal.
  8780 | D:8      | Reached XP level 11. HP: 86/86 MP: 11/11
  9048 | D:8      | Killed a boulder beetle
  9278 | D:9      | Found Qim Hoch's Jewellery Shop.
  9321 | D:9      | Reached skill level 5 in Dodging
  9334 | D:9      | Identified the +1 robe of the Cooper {rPois Stlth+}
  9339 | D:9      | Found a staircase to the Lair.
  9635 | D:9      | Upgraded the game from 0.27-a0-1519-gc8121b24ce to
                  | 0.27-a0-1548-gf8a67e7463
  9674 | D:10     | Entered Level 10 of the Dungeon
  9893 | D:10     | Noticed Fannar
  9908 | D:10     | Killed Fannar
 10088 | D:10     | Noticed a two-headed ogre
 10096 | D:10     | Reached skill level 10 in Axes
 10101 | D:10     | Killed a two-headed ogre
 10116 | D:10     | Noticed a two-headed ogre
 10124 | D:10     | Killed a two-headed ogre
 10299 | D:10     | Noticed Urug
 10312 | D:10     | Killed Urug
 10313 | D:10     | Reached XP level 12. HP: 70/94 MP: 12/12
 10700 | D:10     | Found a hazy altar of Hepliaklqana.
 10937 | D:10     | Reached skill level 5 in Evocations
 11056 | D:10     | Found a sparkling altar of Nemelex Xobeh.
 11056 | D:10     | Found an ancient bone altar of Kikubaaqudgha.
 11384 | D:11     | Found a flagged portal.
 11400 | Bailey   | Entered a bailey
 11422 | Bailey   | Identified the +6 trident "Okaruyho" {vorpal, rElec rC+
                  | Dex-4 SInv}
 11430 | Bailey   | Slain by an orc knight

Illustrated notes

Levels and vault maps discovered:
D:1:      amcnicky_arrival_abandoned_market, layout_basic, minivault_14,
          minmay_pentomino_u4
D:2:      layout_basic, shapermc_ecumenical_altar_gd, basic_altar,
          serial_forest, infiniplex_forest_lined_room_,
          infiniplex_forest_lined_3_way, infiniplex_forest_clump_medium,
          infiniplex_forest_corner_2, infiniplex_forest_corner_1,
          infiniplex_forest_clump_cross, infiniplex_forest_lined_room_3,
          infiniplex_forest_lined_room_2, infiniplex_forest_straight_2
D:3:      wad_crossroads, layout_basic
D:4:      layout_basic, tso_metal_star, minmay_temple_entry_waves,
          goddamned_bats, uniq_menkaure, uniq_pikel
D:5:      layout_layer_cave, kennysheep_another_room, uniq_prince_ribbit1,
          uniq_grinder
D:6:      layout_gridville, serial_shops, shop, minmay_small_thing,
          uniq_blork_the_orc
D:7:      layout_cave_pods, general_overflow_altar, nicolae_shop_gadgets,
          uniq_harold
D:8:      gammafunk_boulding_lane, layout_gridville,
          nicolae_overflow_hidden_temple, overflow_temple_1_default,
          special_room [special_room_orc]
D:9:      layout_cave_pools, dpeg_oklobed_lair, serial_shops,
          nicolae_diamond_shop
D:10:     minmay_skewed_foursquare, layout_basic,
          worldfamousw_hep_ancestral_shrine, minitemple, uniq_urug, uniq_fannar
D:11:     layout_loops_ring, erik_orc_2, enter_bailey_4
Temple:   minmay_freezing_vapour_temple
Bailey:   bailey_polearm_4, bailey

Skill      XL: |  1  2  3  4  5  6  7  8  9 10 11 12 |
---------------+-------------------------------------+-----
Axes           | 3 4 5 6 8 9 10 | 10.7
Fighting       | 4 5 6 7 8 |  8.9
Throwing       | 2 3 4 5 6 |  6.4
Shields        | 4 5 6 7 8 |  8.7
Dodging        | 2 3 4 5 |  5.8
Armour         | 4 5 6 7 |  7.9
Evocations     | 3 4 5 |  5.3

Action                   |  1- 3 |  4- 6 |  7- 9 | 10-12 || total
-------------------------+-------+-------+-------+-------++-------
Melee: War axe           |    55 |   163 |   240 |    49 ||   507
       Battleaxe         |       |       |       |   278 ||   278
Throw: Dart              |       |       |    31 |    16 ||    47
       Boomerang         |       |       |       |    16 ||    16
Invok: Curse Item        |       |       |     5 |       ||     5
 Abil: Dig               |       |     3 |     6 |     6 ||    15
  Use: Potion            |       |       |     2 |     4 ||     6
       Scroll            |       |       |     1 |     4 ||     5
 Stab: Distracted        |       |     1 |       |     1 ||     2
Armor: Scale mail        |    23 |    87 |    49 |       ||   159
       Ring mail         |       |       |    18 |    72 ||    90
Dodge: Dodged            |    13 |    51 |    81 |   111 ||   256
Block: Kite shield       |    25 |    94 |   184 |   224 ||   527
       Reflection        |       |       |       |    17 ||    17

Table legend: (Time is in decaauts)
 A = Elapsed time spent in this place.
 B = Non-inter-level travel time spent in this place.
 C = Inter-level travel time spent in this place.
 D = Time resting spent in this place.
 E = Time spent auto-exploring this place.
 F = Levels seen in this place.
 G = Mean time per level.
                   A        B        C        D        E       F      G
               +--------+--------+--------+--------+--------+-----+--------+
         Total |  11585 |  11211 |    374 |   1539 |   7359 |  13 |  891.2 |
       Dungeon |  11541 |  11167 |    374 |   1539 |   7359 |  11 | 1049.2 |
        Temple |     14 |     14 |      0 |      0 |      0 |   1 |   14.0 |
        Bailey |     29 |     29 |      0 |      0 |      0 |   1 |   29.0 |
               +--------+--------+--------+--------+--------+-----+--------+

Top non-repeatable levels by time:
     D:5: 1891 daAuts
    D:10: 1544 daAuts
     D:4: 1471 daAuts
     D:3: 1429 daAuts
     D:7: 1088 daAuts
     D:6: 906 daAuts
     D:8: 867 daAuts
     D:1: 833 daAuts
     D:2: 820 daAuts
     D:9: 504 daAuts
    D:11: 184 daAuts
  Bailey: 29 daAuts
  Temple: 14 daAuts
